 Dungeon Crawl Stone Soup version 0.30.0-18-gc0e69614cb (webtiles) character file.

Game seed: 16065769911238783579

176 monsoonserge the Conjurer (level 5, -1/38 (40) HPs)
             Began as a Draconian Conjurer on May 23, 2023.
             Killed by nerve-wracking pain
             ... invoked by an orc priest
              (13 damage)
             ... on level 3 of the Dungeon.
             The game lasted 00:06:34 (2240 turns).

monsoonserge the Conjurer (Draconian Conjurer)      Turns: 2240, Time: 00:06:35

HP:   -1/38 (40)    AC:  5    Str:  9    XL:     5   Next: 30%
MP:   5/8           EV: 12    Int: 20    God:
Gold: 93            SH:  0    Dex: 10    Spells: 5/8 levels left

rFire   . . .        r - +2 whip (drain)
rCold   . . .        (no shield)
rNeg    . . .        (body armour unavailable)
rPois   .            (helmet restricted)
rElec   .            (no cloak)
rCorr   .            (no gloves)
SInv    .            (no boots)
Will    .....        (no amulet)
Stlth   ++           (no ring)
HPRegen 0.26/turn    (no ring)
MPRegen 0.11/turn

%: no passive effects
@: drained
A: AC +5, unfitting armour, cold-blooded
a: no special abilities


You were on level 3 of the Dungeon.
You visited 1 branch of the dungeon, and saw 3 of its levels.

You collected 93 gold pieces.

Inventory:

Hand Weapons
 p - a +0 whip of electrocution
 r - a +2 whip of draining (weapon)
 s - a +0 flail of protection
Missiles
 f - 7 stones
 j - 4 throwing nets
Scrolls
 g - a scroll of enchant weapon {unknown}
 h - a scroll of fog {unknown}
 i - a scroll of enchant armour {unknown}
 k - a scroll of blinking {unknown}
 m - a scroll of teleportation {unknown}
Potions
 a - a potion of magic
 b - 2 potions of haste {unknown}
 l - a potion of ambrosia {unknown}
 n - a potion of flight {unknown}


   Skills:
 + Level 1.2 Fighting
 + Level 0.3(1.6) Maces & Flails
 + Level 2.6 Staves
 + Level 2.7 Dodging
 + Level 2.3 Stealth
 + Level 2.4 Spellcasting
 + Level 4.6 Conjurations


You had 5 spell levels left.
You knew the following spells:

 Your Spells              Type           Power      Damage    Failure   Level
a - Magic Dart            Conj           84%        1d7       2%          1
b - Searing Ray           Conj           42%        2d6       3%          2

Your spell library contained the following spells:

 Spells                   Type           Power      Damage    Failure   Level
 Beastly Appendage        Tmut           4%         N/A       16%         1
 Dazzling Flash           Conj/Hex       22%        N/A       17%         3
 Wereblood                Tmut           2%         N/A       22%         2
 Ozocubu's Armour         Ice            2%         N/A       41%         3
 Spider Form              Tmut/Pois      2%         N/A       41%         3
 Summon Guardian Golem    Hex/Summ       2%         N/A       41%         3
 Fulminant Prism          Conj/Hex       5%         3d7       50%         4
 Iskenderun's Mystic Bla  Conj/Tloc      11%        2d4       50%         4
 Orb of Destruction       Conj           10%        9d6       100%        7
 Ozocubu's Refrigeration  Ice            1%         4d7       100%        7
 Spellforged Servitor     Conj/Summ      5%         N/A       100%        7


Dungeon Overview and Level Annotations

Branches:
Dungeon (3/15)

Altars:

Shops:
D:2 :


Innate Abilities, Weirdness & Mutations

Your plain brown scales are hard. (AC +5)
You cannot fit into any form of body armour.
You are cold-blooded and may be slowed by cold attacks.


Message History

The hobgoblin shouts!
The orc shouts!
You closely miss the orc. The orc closely misses you.
The orc wizard hits you but does no damage.
The orc hits you with a +0 mace.
You barely miss the orc wizard. The orc barely misses you.
The orc wizard closely misses you.
The orc priest casts a cantrip, but nothing happens.
You hit the orc wizard.
The orc wizard is moderately wounded.
The orc wizard misses you. The orc barely misses you.
The orc closely misses you.
The orc priest invokes the aid of Beogh against you.
Beogh smites you!
You hit the orc wizard.
The orc wizard is severely wounded.
The orc hits you but does no damage.
The orc wizard hits you with a +0 dagger.
An endoplasm comes into view.
The orc hits you with a +0 mace.
The endoplasm quivers.
You hit the orc wizard. You drain the orc wizard.
You kill the orc wizard!
The orc priest looks braver for a moment.
The orc barely misses you.
Casting: Searing Ray (safe; 3% risk of failure)
Confirm with . or Enter, or press ? or * to list all spells.
Aiming: Searing Ray (safe; 3% risk of failure)
Press: ? - help, Shift-Dir - straight line The searing ray hits the orc!
You kill the orc!
The searing ray hits the orc priest.
The orc priest is moderately wounded. (Press . to maintain the ray.)
The orc misses you.
The searing ray hits the hobgoblin!
You kill the hobgoblin!
The orc closely misses you.
The orc priest mumbles some strange prayers to Beogh against you.
Pain shoots through your body!
You die...

####...#####
..........>
........oo .......
#..J# #<..# #.o.#
##o..# ##@)..#
######.....####.#
#...#....[........
#..........##..###
####..<...........#
#...................
#.................##.
#............###..#
####...#.#.<........


You could see an orc priest, an orc and an endoplasm.

Vanquished Creatures
  An orc wizard (D:3)
  8 gnolls (D:2)
  4 worms (D:2)
  3 dart slugs
  3 orcs (D:3)
  4 bats (D:1)
  4 endoplasms
  A giant cockroach (D:1)
  3 goblins
  5 hobgoblins
  5 kobolds
  2 quokkas
  5 ball pythons
  3 frilled lizards
  8 rats
59 creatures vanquished.

Notes
Turn   | Place    | Note
-------+----------+-------------------------------------------
     0 | D:1      | monsoonserge the Draconian Conjurer began the quest for the
                  | Orb.
     0 | D:1      | Reached XP level 1. HP: 14/14 MP: 3/3
   257 | D:1      | Reached XP level 2. HP: 20/20 MP: 5/5
   276 | D:1      | Found a faded altar of an unknown god.
   740 | D:1      | Reached XP level 3. HP: 27/27 MP: 4/6
   743 | D:1      | Learned a level 2 spell: Searing Ray
  1333 | D:2      | Reached skill level 1 in Staves
  1334 | D:2      | Reached XP level 4. HP: 30/34 MP: 2/7
  1562 | D:2      | Found Doutusar's Book Shop.
  1702 | D:2      | Reached skill level 1 in Fighting
  1904 | D:2      | Reached XP level 5. HP: 22/40 MP: 2/8
  2240 | D:3      | Killed from afar by an orc priest

Illustrated notes

Levels and vault maps discovered:
D:1:      matt_arrival_los_fun, layout_rooms, nicolae_ecumenical_lake_church,
          dreamdust_mushroom_princess
D:2:      layout_basic, serial_shops, nicolae_shop_advertising_works
          [nicolae_subvault_shop_adworks], kennysheep_potato
D:3:      lemuel_castle_with_subvaults [lemuel_castle_interior_carwin_3],
          layout_loops_cross, serial_shops, nicolae_shop_crystal, st_stairs_5

Skill      XL: |  1  2  3  4 |
---------------+-------------+-----
Dodging        | 2 |  2.7
Stealth        | 2 |  2.3
Staves         | 1 2 |  2.6
Fighting       | 1 |  1.2
Maces & Flails | |  0.3
Spellcasting   | |  2.4
Conjurations   | |  4.6

Action                     |  1- 3 |  4- 6 || total
---------------------------+-------+-------++-------
  Melee: Mace              |    15 |       ||    15
         Unarmed           |     6 |       ||     6
         Tailslap          |     6 |     6 ||    12
         Short sword       |     3 |       ||     3
         Quarterstaff      |    59 |    38 ||    97
         Whip              |       |    19 ||    19
   Cast: Magic Dart        |    24 |       ||    24
         Searing Ray       |     3 |     3 ||     6
   Stab: Sleeping          |     4 |     1 ||     5
 Armour: Skin              |    36 |     5 ||    41
  Dodge: Dodged            |    63 |    46 ||   109
